 Dungeon Crawl Stone Soup version 0.31-a0-795-g5eb97db20b (webtiles) character file.

Game seed: 5776811193635964733

72 NasaPeepo the Cudgeller (level 4, -2/41 HPs)
             Began as a Minotaur Berserker on Sept 18, 2023.
             Was a Believer of Trog.
             Slain by an orc wizard
             ... wielding a +0 dagger
              (3 damage)
             ... on level 3 of the Dungeon.
             The game lasted 00:10:54 (1578 turns).

NasaPeepo the Cudgeller (Minotaur Berserker)        Turns: 1578, Time: 00:10:55

Health: -2/41      AC:  4    Str: 27    XL:     4   Next: 7%
Magic:  3/3        EV: 12    Int:  4    God:    Trog [**....]
Gold:   38         SH:  0    Dex: 12    Spells: 3/3 levels left

rFire   . . .        a - +0 mace
rCold   . . .        (no shield)
rNeg    . . .        b - +0 animal skin
rPois   .            (helmet restricted)
rElec   .            (no cloak)
rCorr   .            g - +1 pair of gloves
SInv    .            (no boots)
Will    .....        (no amulet)
Stlth   +            l - ring "Emnuf" {Fire Fly Str+4 Dex+2}
HPRegen 0.26/turn    m - ring of ice
MPRegen 0.08/turn

%: no passive effects
@: confused, on berserk cooldown, flying, slowed, very slow
A: horns 2, retaliatory headbutt
a: Renounce Religion, Berserk, Trog's Hand


You were on level 3 of the Dungeon.
You worshipped Trog.
Trog was pleased with you.
You visited 1 branch of the dungeon, and saw 3 of its levels.

You collected 38 gold pieces.

Inventory:

Hand Weapons
 a - a +0 mace (weapon)
 f - a +0 dagger of flaming
 j - a +4 short sword
Armour
 b - a +0 animal skin (worn)
 g - a +1 pair of gloves (worn)
 n - a +0 scale mail
Jewellery
 l - the ring "Emnuf" (left hand) {Fire Fly Str+4 Dex+2}
   (You found it on level 2 of the Dungeon)

   [ring of fire]

   Fire:      It enhances your fire magic.
   Str+4:     It affects your strength (+4).
   Dex+2:     It affects your dexterity (+2).
   rF+:       It protects you from fire.
   rC-:       It makes you vulnerable to cold.
   Fly:       It grants you flight.
 m - a ring of ice (right hand)
Scrolls
 c - a scroll of fog {unknown}
 h - a scroll of blinking {unknown}
Potions
 d - a potion of might
 e - a potion of degeneration {unknown}
 i - a potion of ambrosia {unknown}
 k - a potion of heal wounds {unknown}


   Skills:
 + Level 4.6 Fighting
 + Level 4.7 Maces & Flails
 + Level 2.7 Armour
 + Level 2.7 Dodging


You had 3 spell levels left.
You didn't know any spells.
Your spell library contained the following spells:

 Spells                   Type           Power      Damage    Failure   Level
 Sting                    Tmut/Pois      0%         1d3       50%         1
 Poisonous Vapours        Pois/Air       0%         N/A       65%         2
 Mephitic Cloud           Conj/Pois/Air  0%         N/A       86%         3
 Olgreb's Toxic Radiance  Pois           0%         N/A       99%         4
 Freezing Cloud           Conj/Ice/Air   0%         6-21      100%        5


Dungeon Overview and Level Annotations

Branches:
Dungeon (3/15)

Altars:


Innate Abilities, Weirdness & Mutations

You have a pair of horns on your head.
You reflexively headbutt those who attack you in melee.


Message History

You are too confused!
You are too confused!
You are too confused!
You are too confused!
You are too confused!
You are too confused!
You are too confused!
You are too confused!
You are too confused!
You are too confused!
You are too confused!
You are too confused!
You are too confused!
You are too confused!
You are too confused!
You are too confused!
You are too confused!
You are too confused!
You are too confused!
You are too confused!
You are too confused!
You are too confused!
You are too confused!
You are too confused!
You are too confused!
You start resting.
Something hits you.
* * * LOW HITPOINT WARNING * * *
You are too confused!
You are too confused!
You are too confused!
You start resting.
Something hits you.
* * * LOW HITPOINT WARNING * * *
Something hits you.
* * * LOW HITPOINT WARNING * * *
You are too confused!
n - a +0 scale mail Something hits you.
* * * LOW HITPOINT WARNING * * *
Something hits you.
You die...

## #### .# ...
.## # #.+##..#.#
#........#
#..####).).....#
#.....'........#
.#####†.@../#...
#....)........>
#<.....####.###
######## #


There were no monsters in sight!

Vanquished Creatures
  An adder (D:2)
  A worm (D:2)
  4 dart slugs
  3 orcs (D:3)
  3 ball pythons
  5 endoplasms
  2 giant cockroaches
  4 goblins
  4 hobgoblins
  2 jackals (D:1)
  2 quokkas (D:1)
  3 bats
  A frilled lizard (D:1)
  7 kobolds
  2 rats
44 creatures vanquished.

Notes
Turn   | Place    | Note
-------+----------+-------------------------------------------
     0 | D:1      | NasaPeepo the Minotaur Berserker began the quest for the
                  | Orb.
     0 | D:1      | Reached XP level 1. HP: 19/19 MP: 0/0
    88 | D:1      | Reached XP level 2. HP: 25/27 MP: 1/1
   390 | D:1      | Reached XP level 3. HP: 33/33 MP: 2/2
   966 | D:2      | Reached ** piety under Trog
  1067 | D:2      | Identified the ring "Emnuf" {Fire Fly Str+4 Dex+2}
  1561 | D:3      | Reached XP level 4. HP: 36/41 MP: 3/3
  1576 | D:3      | HP: 2/41 [something (3)]
  1578 | D:3      | Slain by an orc wizard

Illustrated notes

Levels and vault maps discovered:
D:1:      dpeg_arrival_tiny_a, layout_basic, nicolae_hexahallways,
          minmay_pentomino_q2
D:2:      layout_loops_cross
D:3:      layout_basic, vehumet_statue, minitemple, uniq_terence

Skill      XL: |  1  2 |
---------------+-------+-----
Maces & Flails | 4 |  4.7
Fighting       | 4 |  4.6
Armour         | |  2.7
Dodging        | |  2.7

Action                     |  1- 3 |  4- 6 || total
---------------------------+-------+-------++-------
  Melee: Mace              |    59 |     9 ||    68
         Headbutt          |    19 |       ||    19
         Dagger            |    29 |       ||    29
         Punch             |     1 |       ||     1
 Invoke: Berserk           |     1 |       ||     1
    Use: Scroll            |     1 |       ||     1
         Potion            |     1 |       ||     1
 Armour: Animal skin       |    50 |    25 ||    75
  Dodge: Dodged            |    63 |     4 ||    67

Table legend: (Time is in decaauts)
 A = Elapsed time spent in this place.
 B = Non-inter-level travel time spent in this place.
 C = Inter-level travel time spent in this place.
 D = Time resting spent in this place.
 E = Time spent auto-exploring this place.
 F = Levels seen in this place.
 G = Mean time per level.
                   A        B        C        D        E       F      G
               +--------+--------+--------+--------+--------+-----+--------+
         Total |   1593 |    924 |    669 |      0 |    608 |   3 |  531.0 |
       Dungeon |   1593 |    924 |    669 |      0 |    608 |   3 |  531.0 |
               +--------+--------+--------+--------+--------+-----+--------+

Top non-repeatable levels by time:
     D:1: 823 daAuts
     D:2: 729 daAuts
     D:3: 40 daAuts
